 Dungeon Crawl Stone Soup version 0.20-a0-556-g892c87b (webtiles) character file.

71604 Jooles the Warrior (level 14, -6/136 HPs)
             Began as a Minotaur Berserker on Feb 5, 2017.
             Was the Champion of Trog.
             Mangled by a sixfirhy (9 damage)
             ... summoned by an orc high priest
             ... on level 2 of the Orcish Mines.
             The game lasted 01:25:02 (23384 turns).

Jooles the Warrior (Minotaur Berserker)            Turns: 23384, Time: 01:25:06

Health: -6/136     AC: 26    Str: 31    XL:     14   Next: 98%
Magic:  3/3        EV: 15    Int:  4    God:    Trog [******]
Gold:   2332       SH:  0    Dex: 16    Spells: 13/13 levels left

rFire    . . .     SeeInvis .   Y - +3 morningstar (antimagic)
rCold    + . .     Gourm    .   X - +2 plate armour {MR+}
rNeg     . . .     Faith    .   (no shield)
rPois    .         Spirit   .   (helmet restricted)
rElec    .         Reflect  .   i - +2 cloak
rCorr    .         Harm     .   n - +1 pair of gloves
MR       +++..                  f - +2 pair of boots
Stlth    ..........             (no amulet)
Regen    0.4/turn               H - ring "Uwedef" {rC+ MR+ Dex+3}
                                N - +4 ring of strength

@: mighty, exhausted, studying Ice Magic, very heavily drained
A: retaliatory headbutt, horns 2, blurry vision 1, clumsy 1, low mp 1
a: Berserk, Trog's Hand, Brothers in Arms, Burn Spellbooks, Renounce Religion


You were on level 2 of the Orcish Mines.
You worshipped Trog.
Trog was exalted by your worship.
You were near starving.

You visited 3 branches of the dungeon, and saw 20 of its levels.
You also visited: Labyrinth, Sewer and Ice Cave.

You collected 2660 gold pieces.
You spent 328 gold pieces at shops.

Inventory:

Hand Weapons
 F - a +0 whip
 J - a +2 dire flail of draining
 Y - a +3 antimagic morningstar (weapon)
Armour
 f - a +2 pair of boots (worn)
 i - a +2 cloak (worn)
 n - a +1 pair of gloves (worn)
 u - +0 ice dragon scales
 v - the +9 scale mail of Day {rCorr MP-9 Int+4}
   (You found it in a labyrinth)

   It affects your intelligence (+4).
   It affects your magic capacity (-9).
   It protects you from acid and corrosion.
 X - a +2 plate armour of magic resistance (worn)
Jewellery
 t - an uncursed ring of protection from cold
 D - a +2 ring of protection
 E - an uncursed ring of see invisible
 H - the ring "Uwedef" (right hand) {rC+ MR+ Dex+3}
   (You found it in an ice cave)

   [ring of protection from cold]

   It affects your dexterity (+3).
   It protects you from cold.
   It affects your resistance to hostile enchantments.
 M - a +2 ring of intelligence
 N - a +4 ring of strength (left hand)
 Z - an uncursed ring of resist corrosion
Wands
 b - a wand of disintegration (10/24)
 o - a wand of scattershot (5/9)
 r - a wand of acid (5/15)
 I - a wand of polymorph (9/24)
 O - a wand of disintegration (11/24)
 S - a wand of lightning (6/15)
 V - a wand of polymorph (14/24)
 W - a wand of enslavement (24/24)
Scrolls
 a - 7 scrolls of magic mapping
 k - 9 scrolls of amnesia
 m - 4 scrolls of enchant armour
 q - 9 scrolls of teleportation
 s - 12 scrolls of identify
 y - 4 scrolls of blinking
 B - 3 scrolls of fog
 C - 3 scrolls of remove curse
 G - a scroll of summoning {unknown}
 K - 4 scrolls of enchant weapon
 R - 2 scrolls of vulnerability {unknown}
Potions
 d - 4 potions of curing
 e - 9 potions of heal wounds
 g - a potion of resistance
 j - 7 potions of agility
 w - 2 potions of haste
 x - 5 potions of lignification
 z - 5 potions of ambrosia
 P - 3 potions of brilliance
 Q - a potion of magic
 T - a potion of berserk rage
 U - a potion of invisibility
Books
 L - a manual of Ice Magic Trog disapproves of the use of such an item.
Comestibles
 c - 17 bread rations
 h - 14 meat rations
 p - 11 royal jellies
 A - 33 fruits


   Skills:
 + Level 15.8(11.2) Fighting
 - Level 15.1(10.6) Maces & Flails
 + Level 15.6(11.0) Armour
 + Level 14.9(10.4) Dodging


You had 13 spell levels left.
You didn't know any spells.

Dungeon Overview and Level Annotations

Branches:
Dungeon (12/15)            Temple (0/1) D:4            Lair (6/6) D:10
 Shoals (0/4) Lair:2       Spider (0/4) Lair:2        Slime (0/5) Lair:6
    Orc (2/2) D:12            Elf (0/3) Orc:2

Altars:
Cheibriados
Fedhas
Hepliaklqana
Kikubaaqudgha
Nemelex Xobeh
Sif Muna
Yredelemnul
Beogh
Jiyva

Shops:
D:12 ?([=

Portals:
Trove: D:11 (give +6 demon trident)

Annotations:
Lair:1 exclusion: oklob plant
Lair:5 exclusion: oklob plant
Lair:6 exclusion: oklob plant


Innate Abilities, Weirdness & Mutations

You reflexively headbutt those who attack you in melee.
You have a pair of horns on your head.
Scrolls take you a little longer to read.
You are clumsy. (Dex -2)
Your magical capacity is low. (-10% MP)


Message History

* * * LOW HITPOINT WARNING * * *
The sixfirhy shocks you!
* * * LOW HITPOINT WARNING * * *
The orc sorcerer gestures wildly while chanting.
The orc knight barely misses you.
The orc sorcerer casts a spell.
You sock the orc knight!
The orc knight is severely wounded.
The orc knight hits you but does no damage.
Your plate armour prevents you from hitting the orc knight.
You headbutt the orc knight!
The orc knight is almost dead.
The sixfirhy disappears in a puff of smoke!
You puncture the orc knight!
You kill the orc knight!
Trog accepts your kill. The sixfirhy hits you.
* * * LOW HITPOINT WARNING * * *
The sixfirhy shocks you!
You die...

# #..........## ##.....#
####...........# #...#.##
##.#...........#####.### ###
.......##........# ### ##.#####
.......####....##### ##...#..##
)......####.....#..# ##........#
).......##........### #)(........
........##......§##o###.)........
#.#......).....)@3.4o.(.)#.......
###....).).......#3o4.4..........
##.............##o3..........5.
##......)......#....#.....3#o3.
#......8...8..#............##§.
#.....###'#####............###.
###.....#.....#.#.._.....#..## #.
#.......#.._..#)#...........# ##
##.....##.....#..........#.## #


You could see a soul eater, 2 orc high priests, a rust devil, 2 sixfirhies, 2
orc sorcerers and 2 red devils.

Vanquished Creatures
  An orc warlord (Orc:1)
  A stone giant (Orc:2)
  A dire elephant (Lair:6)
  Snorg (Lair:5)
  A minotaur (Lab)
  2 ice dragons (IceCv)
  A catoblepas (Lair:6)
  3 hydras (Lair:6)
  4 two-headed ogres
  A deep troll shaman (Lair:6)
  8 death yaks
  Urug (D:11)
  2 orc high priests
  A fire crab (Lair:6)
  4 skeletal warriors (D:12)
  4 orc knights
  Pikel (D:4)
  2 orc sorcerers (Orc:2)
  2 cyclopes
  An ugly thing (D:11)
  A merfolk siren (Lair:2)
  3 black mambas
  11 elephants
  Maurice (Orc:2)
  Psyche (D:8)
  2 ice statues (IceCv)
  10 spiny frogs
  A gargoyle (Lab)
  Joseph (D:9)
  A torpor snail (Lair:4)
  6 rime drakes
  8 komodo dragons
  A polar bear (Lair:6)
  The ghost of Goblin1989 the Cudgeler, an amateur BaFi of Cheibriados (Sewer)
  Grinder (Sewer)
  2 trolls
  7 dream sheep (Lair:4)
  9 slime creatures (D:12)
  6 blink frogs (Lair:6)
  9 hippogriffs
  A vampire (D:12)
  2 wyverns
  33 yaks
  4 hogs (D:9)
  8 hungry ghosts
  5 basilisks
  A human (D:9)
  2 wargs
  4 vampire mosquitoes (D:12)
  15 water moccasins
  7 porcupines
  3 black bears
  A hornet zombie (D:12)
  23 orc warriors
  3 sky beasts
  17 ice beasts
  4 phantoms
  13 ogres
  16 wolves
  10 centaurs
  The ghost of kroki the Insei, an amateur OpTm (D:3)
  10 crocodiles
  3 big kobolds
  17 bullfrogs
  A wyvern zombie (D:9)
  An earth elemental (Lab)
  A water moccasin zombie (D:8)
  5 scorpions
  11 wights
  5 howler monkeys
  2 electric eels (Lair:6)
  7 crimson imps
  A quasit (Sewer)
  3 gnoll shamans (D:3)
  4 bullfrog skeletons
  7 jellies
  4 centaur skeletons
  4 hounds
  22 orc priests
  2 bullfrog zombies (D:9)
  3 iguanas
  Ijyb (D:3)
  Natasha (thrice) (D:3)
  26 orc wizards
  3 worker ants
  Terence (D:3)
  A killer bee zombie (D:5)
  6 big kobold zombies (Sewer)
  6 ogre zombies (D:12)
  2 worker ant zombies
  36 gnolls
  A howler monkey skeleton (D:4)
  14 adders
  3 shadow imps
  12 white imps (Lair:4)
  2 oozes
  An ufetubus (Sewer)
  An adder skeleton (D:9)
  2 worms
  2 dart slugs
  2 leopard geckos (D:7)
  69 orcs
  A bat zombie (Sewer)
  7 giant cockroaches
  6 goblins
  7 hobgoblins
  28 jackals
  22 kobolds
  7 quokkas
  3 ball pythons
  8 bats
  7 frilled lizards
  A goblin skeleton (D:12)
  4 goblin zombies (D:12)
  A hobgoblin zombie (D:12)
  A kobold zombie (Sewer)
  A leopard gecko skeleton (D:4)
  2 orc skeletons (D:12)
  11 orc zombies (D:12)
  A quokka skeleton (D:9)
  8 rats
730 creatures vanquished.

Vanquished Creatures (others)
  An orc wizard (Orc:2)
  An ooze (Sewer)
  An orc (D:4)
  A kobold zombie (Sewer)
  6 fungi (Lair:6)
  9 plants (Lair:6)
19 creatures vanquished.

Grand Total: 749 creatures vanquished

Notes
Turn   | Place    | Note
-------+----------+-------------------------------------------
     0 | D:1      | Jooles the Minotaur Berserker began the quest for the Orb.
     0 | D:1      | Reached XP level 1. HP: 19/19 MP: 0/0
   112 | D:1      | Reached XP level 2. HP: 26/26 MP: 1/1
   728 | D:1      | Reached skill level 5 in Maces & Flails
   772 | D:1      | Reached ** piety under Trog
   772 | D:1      | Reached XP level 3. HP: 31/31 MP: 2/2
  1733 | D:3      | Noticed Terence
  1749 | D:3      | Killed Terence
  1749 | D:3      | Reached XP level 4. HP: 25/39 MP: 3/3
  1857 | D:3      | Reached *** piety under Trog
  1921 | D:3      | Found a faded altar of an unknown god.
  1938 | D:3      | Reached XP level 5. HP: 45/45 MP: 4/4
  1947 | D:3      | Noticed Natasha
  1966 | D:3      | Killed Natasha
  2020 | D:3      | Found a glowing drain.
  2021 | D:3      | Noticed kroki's ghost (amateur OpTm)
  2034 | D:3      | Killed kroki's ghost
  2051 | Sewer    | Entered a sewer
  2070 | Sewer    | Noticed Goblin1989's ghost (amateur BaFi)
  2085 | Sewer    | Killed Goblin1989's ghost
  2085 | Sewer    | Reached XP level 6. HP: 50/51 MP: 5/5
  2534 | Sewer    | Reached **** piety under Trog
  2548 | Sewer    | Reached XP level 7. HP: 49/57 MP: 6/6
  2557 | Sewer    | Found a burning altar of Makhleb.
  2575 | Sewer    | Reached skill level 10 in Maces & Flails
  2590 | Sewer    | Noticed Grinder
  2612 | Sewer    | Killed Grinder
  3015 | Sewer    | Gained mutation: Your magical capacity is low. (-10% MP) [potion of mutation]
  3015 | Sewer    | Gained mutation: Scrolls take you a little longer to read. [potion of mutation]
  3015 | Sewer    | Gained mutation: You are clumsy. (Dex -2) [potion of mutation]
  3063 | D:3      | Noticed Natasha
  3065 | D:3      | Noticed Ijyb
  3069 | D:3      | Killed Ijyb
  3074 | D:3      | Killed Natasha
  3074 | D:3      | Reached XP level 8. HP: 59/64 MP: 6/6
  3843 | D:3      | Noticed Natasha
  3849 | D:3      | Killed Natasha
  3894 | D:4      | Noticed Pikel
  3907 | D:4      | Killed Pikel
  3907 | D:4      | Reached XP level 9. HP: 57/70 MP: 7/7
  3920 | D:4      | Found a staircase to the Ecumenical Temple.
  4379 | D:4      | Found an ancient bone altar of Kikubaaqudgha.
  4573 | D:4      | Found a snail-covered altar of Cheibriados.
  4574 | D:4      | Found a hazy altar of Hepliaklqana.
  4828 | D:4      | Found a deep blue altar of Sif Muna.
  4986 | D:5      | Entered Level 5 of the Dungeon
  5005 | D:5      | Reached ***** piety under Trog
  5745 | D:5      | Found a sparkling altar of Nemelex Xobeh.
  5791 | D:5      | Reached skill level 15 in Maces & Flails
  6702 | D:7      | Noticed a cyclops
  6721 | D:7      | Killed a cyclops
  6721 | D:7      | Reached skill level 5 in Fighting
  7034 | D:7      | Reached XP level 10. HP: 80/81 MP: 8/8
  7070 | D:7      | Reached skill level 5 in Armour
  7245 | D:7      | Found a basalt altar of Yredelemnul.
  7639 | D:8      | Noticed a two-headed ogre
  7650 | D:8      | Killed a two-headed ogre
  7650 | D:8      | Reached skill level 5 in Dodging
  8165 | D:8      | Noticed Psyche
  8173 | D:8      | Killed Psyche
  8377 | D:9      | Noticed Joseph
  8388 | D:9      | Killed Joseph
  8522 | D:9      | Received a gift from Trog
  9174 | D:9      | Reached XP level 11. HP: 85/95 MP: 8/8
  9583 | D:10     | Entered Level 10 of the Dungeon
  9684 | D:10     | Noticed a two-headed ogre
  9697 | D:10     | Killed a two-headed ogre
  9919 | D:10     | Noticed a two-headed ogre
  9922 | D:10     | Killed a two-headed ogre
  9955 | D:10     | Noticed a death yak
  9956 | D:10     | Found a staircase to the Lair.
  9973 | D:10     | Killed a death yak
 10299 | Lair:1   | Entered Level 1 of the Lair of Beasts
 10315 | Lair:1   | Reached skill level 10 in Fighting
 10346 | Lair:1   | Noticed an oklob plant
 11288 | Lair:2   | Reached skill level 10 in Armour
 11442 | Lair:2   | Found a hole to the Spider Nest.
 11873 | Lair:2   | Reached XP level 12. HP: 103/110 MP: 9/9
 11962 | Lair:2   | Found a staircase to the Shoals.
 12838 | Lair:4   | Reached skill level 10 in Dodging
 12981 | Lair:4   | Received a gift from Trog
 13040 | Lair:4   | Found a frozen archway.
 13120 | IceCv    | Entered an ice cave
 13542 | IceCv    | Noticed an ice dragon
 13543 | IceCv    | Noticed an ice dragon
 13553 | IceCv    | Killed an ice dragon
 13559 | IceCv    | Killed an ice dragon
 13747 | IceCv    | Got a faintly glowing ivory ring
 13985 | Lair:4   | Reached ****** piety under Trog
 14703 | Lair:5   | Noticed Snorg
 14716 | Lair:5   | Killed Snorg
 14716 | Lair:5   | Reached XP level 13. HP: 106/119 MP: 10/10
 14806 | Lair:5   | Received a gift from Trog
 14990 | Lair:5   | Found a blossoming altar of Fedhas.
 15390 | Lair:6   | Entered Level 6 of the Lair of Beasts
 17049 | Lair:6   | Received a gift from Trog
 17077 | Lair:6   | HP: 4/125 [death yak (15)]
 17082 | Lair:6   | Reached XP level 14. HP: 3/133 MP: 11/11
 17631 | Lair:6   | Identified the ring "Uwedef" {rC+ MR+ Dex+3} (You found it in an ice cave)
 17739 | Lair:6   | Found a viscous altar of Jiyva.
 17739 | Lair:6   | Found a staircase to the Slime Pits.
 18406 | D:11     | Noticed Urug
 18420 | D:11     | Killed Urug
 18816 | D:11     | Found a portal to a secret trove of treasure.
 19093 | D:12     | Found a labyrinth entrance.
 19098 | Lab      | Entered a labyrinth
 19339 | Lab      | Found an exit through the horrors of the Abyss.
 19406 | Lab      | Reached skill level 15 in Fighting
 19912 | Lab      | Got a translucent scale mail
 19925 | D:12     | Identified the +9 scale mail of Day {rCorr MP-9 Int+4} (You found it in a labyrinth)
 19942 | D:12     | Found Siadunas's Magic Scroll Shop.
 20132 | D:12     | Bought a scroll of amnesia for 52 gold pieces
 20132 | D:12     | Bought a scroll of enchant weapon for 112 gold pieces
 20132 | D:12     | Bought a scroll of blinking for 112 gold pieces
 20132 | D:12     | Bought a scroll of immolation for 52 gold pieces
 20269 | D:12     | Received a gift from Trog
 20320 | D:12     | Found a staircase to the Orcish Mines.
 20401 | D:12     | Found Edwusof's Jewellery Shop.
 20555 | D:12     | Found Nuicolacw's Weapon Shoppe.
 20617 | D:12     | Reached skill level 15 in Armour
 20793 | D:12     | Found Yhu Lea's Armour Boutique.
 20973 | Orc:1    | Entered Level 1 of the Orcish Mines
 21254 | Orc:1    | Received a gift from Trog
 21489 | Orc:1    | Noticed an orc warlord
 21498 | Orc:1    | Killed an orc warlord
 21713 | Orc:2    | Entered Level 2 of the Orcish Mines
 21714 | Orc:2    | Found a staircase to the Elven Halls.
 21927 | Orc:2    | Found a roughly hewn altar of Beogh.
 22057 | Orc:2    | Found a roughly hewn altar of Beogh.
 22066 | Orc:2    | Noticed Maurice
 22067 | Orc:2    | Killed Maurice
 23337 | Orc:2    | Noticed a stone giant
 23345 | Orc:2    | Killed a stone giant
 23378 | Orc:2    | HP: 5/136 [sixfirhy[an orc sorcerer] (12)]
 23384 | Orc:2    | HP: 3/136 [sixfirhy[an orc high priest] (3)]
 23384 | Orc:2    | Mangled by a sixfirhy

Vault maps used:
D:1:      moated_graveyard_arrival, serial_bayou_lake_a
D:3:      lemuel_castle_with_subvaults, portal_sewer_entry_c,
          chequers_ecumenical_altar_simple_redux, minivault_26, uniq_terence,
          uniq_natasha, uniq_iyjb
D:4:      lemuel_blue_sif_altar, marbit_many_paths, minitemple,
          minmay_temple_entry_glass, hangedman_abyss_or_decor_stabs, uniq_pikel
D:5:      minmay_thick_lines, nemelex_xobeh_ov_fountains_minmay, first_bread,
          minmay_misc_feat_encased
D:6:      minmay_misc_feat_rows, serial_park_tiny_pond,
          kennysheep_generic_room_7
D:7:      lemuel_crystal_altar
D:8:      uniq_psyche
D:9:      minmay_misc_feat_diagonals, grunt_livestock, supply_closet_lemuel,
          uniq_joseph
D:10:     david_lair_generic
D:11:     trove_entry_hex_spiral, uniq_urug
D:12:     zombieorc1_lemuel, serial_shops, nicolae_shop_stone, shop,
          kennysheep_mini_moat, shop, lab_entry_generic
Lair:1:   minmay_lair_oklob_chamber, lemuel_fruit_tree, grunt_megastairs_3
Lair:2:   minmay_shoals_entry_lonely_mermaid, spider_nest_entry_webs,
          grunt_megastairs_5
Lair:4:   portal_ice_cave_entry_imps
Lair:5:   tgw_fedhas, grunt_megastairs_1, uniq_snorg
Lair:6:   grunt_lair_end_beastmaster, dpeg_slime_entry_enclosed_altar,
          wad_woods_river_01, lemuel_fruit_fields
Orc:1:    abandoned_shop, minmay_orc_barracks
Orc:2:    grunt_orc_tribal_feast, basic_altar, nicolae_orc_lava_tube,
          minmay_orc_temple_a, uniq_maurice
Lab:      nicolae_lab_checkerboard, nicolae_lab_statue,
          nicolae_lab_very_dead_end, labyrinth_lava_lair, nicolae_lab_grate_2,
          nicolae_lab_hexagon, labyrinth_fake_exit, nicolae_lab_grate,
          nicolae_lab_arrow, labyrinth_skeletal_remains
Sewer:    kennysheep_sewer_church
IceCv:    ice_cave_small_dragons

Skill      XL: |  1  2  3  4  5  6  7  8  9 10 11 12 13 14 |
---------------+-------------------------------------------+-----
Maces & Flails | 4 5 6 9 11 13 15 | 15.1
Fighting       | 5 8 11 12 14 15 | 15.8
Armour         | 4 7 10 12 14 15 | 15.6
Dodging        | 4 7 9 11 13 14 | 14.9

Action                   |  1- 3 |  4- 6 |  7- 9 | 10-12 | 13-15 || total
-------------------------+-------+-------+-------+-------+-------++-------
Melee: Mace              |    80 |    33 |       |       |       ||   113
       Headbutt          |    10 |    27 |    75 |   151 |   283 ||   546
       Whip              |       |    99 |   295 |       |       ||   394
       Flail             |       |       |   118 |   144 |       ||   262
       Dire flail        |       |       |       |   543 |   764 ||  1307
       Morningstar       |       |       |       |       |   184 ||   184
Invok: Berserk           |       |     1 |     2 |     1 |     5 ||     9
  Use: Scroll            |     7 |       |     3 |     9 |     7 ||    26
       Potion            |       |     1 |     2 |     1 |     3 ||     7
 Stab: Invisible         |       |       |       |     1 |       ||     1
       Petrified         |       |       |       |       |    15 ||    15
       Petrifying        |       |       |       |       |     1 ||     1
  Eat: Chunk             |     3 |     3 |    14 |    26 |    28 ||    74
       Royal jelly       |       |       |     1 |       |     2 ||     3
       Meat ration       |       |       |       |       |     1 ||     1
Armor: Animal skin       |     7 |       |       |       |       ||     7
       Scale mail        |     5 |       |       |       |    57 ||    62
       Chain mail        |    39 |    51 |   159 |   114 |       ||   363
       Plate armour      |       |       |       |   215 |   236 ||   451
Dodge: Dodged            |    57 |    49 |   120 |   264 |   507 ||   997
